 Dungeon Crawl Stone Soup version 0.21.1-1-g345015f (webtiles) character file.

80 Krilegs the Sneak (level 4, -1/23 HPs)
             Began as a Spriggan Assassin on May 7, 2018.
             Was an Initiate of Ashenzari.
             Killed from afar by Natasha (6 damage)
             ... with a magic dart
             ... on level 2 of the Dungeon.
             The game lasted 00:09:25 (2005 turns).

Krilegs the Sneak (Spriggan Assassin)               Turns: 2005, Time: 00:09:26

Health: -1/23      AC:  3    Str:  7    XL:     4   Next: 18%
Magic:  5/5        EV: 18    Int: 12    God:    Ashenzari [......]
Gold:   50         SH:  0    Dex: 18    Spells: 3/3 levels left

rFire    . . .     SeeInvis +   a - +2 dagger (curse)
rCold    . . .     Gourm    .   (shield restricted)
rNeg     . . .     Faith    .   c - +0 robe
rPois    .         Spirit   .   (helmet restricted)
rElec    .         Reflect  .   d - +0 cloak
rCorr    .         Harm     .   (gloves unavailable)
MR       .....                  (boots unavailable)
Stlth    ++++......             (no amulet)
HPRegen  0.07/turn              (no ring)
MPRegen  0.09/turn              (no ring)

@: very quick
A: very small, unfitting armour, see invisible, herbivore, speed 3, slow
metabolism 2
a: Curse Item, Renounce Religion


You were on level 2 of the Dungeon.
You worshipped Ashenzari.
Ashenzari was noncommittal.
You were not hungry.

You visited 1 branch of the dungeon, and saw 2 of its levels.

You collected 50 gold pieces.

Inventory:

Hand Weapons
 a - a cursed +2 dagger (weapon)
 b - a +0 blowgun
Missiles
 e - 21 poisoned needles (quivered)
 f - 2 curare-tipped needles
Armour
 c - a +0 robe (worn)
 d - a +0 cloak (worn)
Scrolls
 h - a scroll of teleportation {unknown}
Potions
 i - 2 potions of ambrosia {unknown}
 j - a potion of haste {unknown}
 k - a potion of berserk rage {unknown}
Comestibles
 g - 4 rations


   Skills:
 + Level 1.9 Fighting
 + Level 2.8 Short Blades
 + Level 2.2 Throwing
 + Level 2.3 Dodging
 + Level 7.5 Stealth


You had 3 spell levels left.
You didn't know any spells.

Dungeon Overview and Level Annotations

Branches:
Dungeon (2/15)

Altars:
Ashenzari
Gozag

Annotations:
D:2 Natasha


Innate Abilities, Weirdness & Mutations

You are very small and have problems with some larger weapons.
You are too small for most types of armour.
You have supernaturally acute eyesight. (SInv)
You are a herbivore.
You cover ground extremely quickly.
You need consume almost no food.


Message History

You hit Natasha.
Natasha is severely wounded.
Natasha claws you.
You hit Natasha but do no damage.
Natasha is severely wounded.
You barely miss Natasha.
Natasha is severely wounded.
Natasha claws you.
You barely miss Natasha.
Natasha is severely wounded.
Natasha claws you.
You hit Natasha but do no damage.
Natasha is severely wounded.
Natasha claws you!
* * * LOW HITPOINT WARNING * * *
Natasha completely misses you.
Natasha mewls in sadness.
Natasha stares at you and mumbles some strange words.
The magic dart hits you!
You die...

#.# #.#........... #.#
#.#...)....... #.#
#.#...........
#.######.#..รท........
#.....##.#...........
#.....'#...>.........
##.....'####..........
#........###h#.#######
#........'@..#.#
#........###.#.#######
#........# #.#.......#
#........###.#.......#
#........#...#.......#
#........#...#....(...
#........#...#########
#.)......###.# ......
#........# #.##...#..


You could see Natasha.

Vanquished Creatures
  2 adders (D:2)
  An ooze (D:2)
  A dart slug (D:2)
  A leopard gecko (D:1)
  6 bats
  3 giant cockroaches (D:1)
  6 goblins
  3 hobgoblins
  10 jackals
  5 frilled lizards
  6 kobolds
  6 rats
50 creatures vanquished.

Notes
Turn   | Place    | Note
-------+----------+-------------------------------------------
     0 | D:1      | Krilegs the Spriggan Assassin began the quest for the Orb.
     0 | D:1      | Reached XP level 1. HP: 10/10 MP: 2/2
   114 | D:1      | Reached skill level 6 in Stealth
   248 | D:1      | Reached XP level 2. HP: 10/14 MP: 3/3
   784 | D:1      | Found a shattered altar of Ashenzari.
   815 | D:1      | Reached skill level 7 in Stealth
   857 | D:1      | Reached XP level 3. HP: 18/18 MP: 4/4
   934 | D:1      | Became a worshipper of Ashenzari the Shackled
  1631 | D:2      | Found an opulent altar of Gozag.
  1739 | D:2      | Reached XP level 4. HP: 21/23 MP: 5/5
  1979 | D:2      | Noticed Natasha
  2005 | D:2      | Killed from afar by Natasha

Skill      XL: |  1  2  3 |
---------------+----------+-----
Stealth        | 6 7 |  7.5
Dodging        | 2 |  2.3
Fighting       | |  1.9
Short Blades   | |  2.8
Throwing       | |  2.2

Action                   |  1- 3 |  4- 6 || total
-------------------------+-------+-------++-------
Melee: Dagger            |   127 |    29 ||   156
 Fire: Blowgun           |     6 |       ||     6
Invok: Curse Item        |     1 |       ||     1
 Stab: Sleeping          |    14 |     2 ||    16
       Distracted        |     1 |       ||     1
Armor: Robe              |    12 |     2 ||    14
Dodge: Dodged            |    88 |    20 ||   108
